 Dungeon Crawl Stone Soup version 0.23.1 (webtiles) character file.

Game seed: 0

127375 doot the Convoker (level 16, -8/83 HPs)
             Began as a Deep Elf Summoner on Mar 2, 2019.
             Was the Champion of Sif Muna.
             Hit by a large rock thrown by a stone giant (26 damage)
             ... on level 2 of the Vaults.
             The game lasted 03:32:44 (38010 turns).

doot the Convoker (Deep Elf Summoner)              Turns: 38010, Time: 03:32:44

Health: -8/83      AC: 12    Str:  9    XL:     16   Next: 16%
Magic:  25/54      EV: 14    Int: 26    God:    Sif Muna [******]
Gold:   584        SH:  0    Dex: 15    Spells: 1/54 levels left

rFire    . . .     SeeInvis .   a - +8 lajatang (protect)
rCold    + + .     Gourm    .   (shield currently unavailable)
rNeg     . . .     Faith    +   I - +1 troll leather armour {Snorg}
rPois    .         Spirit   .   M - +0 Maxwell's etheric cage {RegenMP+ *Contam rElec MP+4}
rElec    +         Reflect  .   E - +1 cloak
rCorr    .         Harm     .   t - +0 pair of gloves of Gluttony {+Blink MP+9}
MR       ++...                  A - +2 pair of boots {run}
Stlth    +++.......             V - amulet of faith
HPRegen  0.63/turn              J - +4 ring of strength MPRegen 0.84/turn*
                                H - ring of Syfonkou {+Fly rC++ MR+ Int-2}

@: about to teleport, slightly contaminated, heavily drained, divine energy,
quick
A: no striking features
}: 1/15 runes: decaying
a: Stop Divine Energy, Channel Magic, Forget Spell, Renounce Religion, Evoke
Blink, Evoke Flight


You were on level 2 of the Vaults.
You worshipped Sif Muna.
Sif Muna was exalted by your worship.
You were not hungry.

You visited 7 branches of the dungeon, and saw 31 of its levels.
You also visited: Ossuary, Bailey and Ice Cave.

You collected 3479 gold pieces.
You spent 2895 gold pieces at shops.

Inventory:

Hand Weapons
 a - a +8 lajatang of protection (weapon)
Armour
 k - +0 swamp dragon scales
 t - the +0 pair of gloves of Gluttony (worn) {+Blink MP+9}
   (You found it on level 5 of the Dungeon)

   It affects your magic capacity (+9).
   It lets you blink.
 A - a +2 pair of boots of running (worn)
 E - a +1 cloak (worn)
 I - a +1 troll leather armour (worn) {Snorg}
 M - the +0 Maxwell's etheric cage (worn) {RegenMP+ *Contam rElec MP+4}
   (You acquired it on level 14 of the Dungeon)

   It insulates you from electricity.
   It affects your magic capacity (+4).
   It causes magical contamination when unequipped.
Magical Staves
 T - an uncursed staff of cold
Jewellery
 h - an uncursed ring of see invisible
 i - an uncursed ring of resist corrosion
 l - an uncursed ring of protection from fire
 o - an uncursed ring of fire
 u - an uncursed ring of ice
 H - the ring of Syfonkou (right hand) {+Fly rC++ MR+ Int-2}
   (You found it on level 9 of the Dungeon)

   [ring of flight]

   It affects your intelligence (-2).
   It greatly protects you from cold.
   It affects your resistance to hostile enchantments.
   It lets you fly.
 J - a +4 ring of strength (left hand)
 V - an amulet of faith (around neck)
Wands
 g - a wand of paralysis (26)
 p - a wand of acid (25)
 L - a wand of flame (26)
 Q - a wand of clouds (6)
 S - a wand of iceblast (22)
 X - a wand of polymorph (13)
Scrolls
 b - 5 scrolls of teleportation
 e - 12 scrolls of remove curse
 f - a scroll of blinking
 j - 5 scrolls of amnesia
 r - 3 scrolls of fog
 s - 3 scrolls of holy word
 y - 2 scrolls of immolation
 G - a scroll of vulnerability
 N - a scroll of magic mapping
 P - 4 scrolls of enchant armour
 R - a scroll of fear
 W - 2 scrolls of summoning
 Y - a scroll of brand weapon
Potions
 d - 8 potions of curing
 m - a potion of invisibility
 n - 3 potions of brilliance
 q - 5 potions of haste
 v - 4 potions of resistance
 w - 3 potions of magic
 z - 2 potions of mutation
 B - a potion of heal wounds
 C - 6 potions of might
 D - 2 potions of flight
 F - a potion of berserk rage
 U - 6 potions of cancellation
 Z - 3 potions of agility
Miscellaneous
 x - a crystal ball of energy
 K - a crystal ball of energy
Comestibles
 c - 23 rations


   Skills:
 + Level 3.2(2.0) Fighting
   Level 2.5(1.3) Long Blades
 + Level 6.5(5.2) Staves
 + Level 3.1(1.9) Armour
 + Level 5.9(4.6) Dodging
 + Level 7.0(5.6) Stealth
 + Level 19.5(17.7) Spellcasting
 + Level 1.3(0.1) Conjurations
 + Level 0.1(0.0) Hexes
 * Level 19.9(18.1) Summonings
 + Level 0.9(0.0) Necromancy
 + Level 3.3(2.1) Translocations
 + Level 6.7(5.4) Ice Magic
 + Level 7.4(6.1) Air Magic
 + Level 0.9(0.0) Poison Magic


You had one spell level left.
You knew the following spells:

 Your Spells              Type           Power        Failure   Level  Hunger
a - Dragon's Call         Summ           #######...   86%         9    #######
b - Regeneration          Chrm/Necr      ###.......   9%          3    None
c - Call Canine Familiar  Summ           #######.     0%          3    None
d - Summon Lightning Spi  Summ/Air       ######..     1%          4    None
e - Summon Ice Beast      Ice/Summ       ######..     1%          4    None
f - Blink                 Tloc           N/A          1%          2    None
g - Mephitic Cloud        Conj/Pois/Air  ####....     3%          3    None
i - Summon Guardian Gole  Hex/Summ       ######..     1%          3    None
j - Summon Hydra          Summ           #######...   1%          7    #####..
k - Summon Forest         Summ/Tloc      ######....   1%          5    None
l - Ozocubu's Armour      Chrm/Ice       #####...     2%          3    None
m - Haunt                 Necr/Summ      ######....   50%         7    #####..

Your spell library contained the following spells:

 Spells                   Type           Power        Failure   Level  Hunger
 Summon Butterflies       Summ           #######.     0%          1    None
 Summon Small Mammal      Summ           ####         0%          1    None
 Apportation              Tloc           ####..       1%          1    None
 Freeze                   Ice            ####         1%          1    None
 Animate Skeleton         Necr           N/A          2%          1    None
 Confusing Touch          Hex            ###...       2%          1    None
 Corona                   Hex            ###....      2%          1    None
 Flame Tongue             Conj/Fire      ###..        2%          1    None
 Magic Dart               Conj           ###.         2%          1    None
 Pain                     Necr           ###.         2%          1    None
 Sting                    Conj/Pois      ###.         2%          1    None
 Call Imp                 Summ           #######.     0%          2    None
 Poisonous Vapours        Pois/Air       #####.       1%          2    None
 Swiftness                Chrm/Air       #####...     1%          2    None
 Throw Frost              Conj/Ice       #####.       1%          2    None
 Aura of Abjuration       Summ           #######...   1%          5    None
 Summon Demon             Summ           #######...   1%          5    None
 Summon Mana Viper        Hex/Summ       ######..     1%          5    None
 Shadow Creatures         Summ           N/A          1%          6    ###....
 Shroud of Golubria       Chrm/Tloc      ####......   2%          2    None
 Static Discharge         Conj/Air       #####...     2%          3    None
 Airstrike                Air            ######....   2%          4    None
 Gell's Gravitas          Tloc           ####......   3%          3    None
 Lesser Beckoning         Tloc           ####......   3%          3    None
 Teleport Other           Tloc           ####....     3%          3    None
 Corpse Rot               Necr           N/A          4%          2    None
 Searing Ray              Conj           ###...       4%          2    None
 Slow                     Hex            ###.....     4%          2    None
 Throw Flame              Conj/Fire      ###...       4%          2    None
 Portal Projectile        Hex/Tloc       ####..       5%          3    None
 Confuse                  Hex            ###.....     9%          3    None
 Conjure Flame            Conj/Fire      ###.....     9%          3    None
 Dazzling Spray           Conj/Hex       ###...       9%          3    None
 Ignite Poison            Fire/Tmut/Pois ###.....     9%          3    None
 Inner Flame              Hex/Fire       ###.....     9%          3    None
 Stone Arrow              Conj/Erth      ###...       9%          3    None
 Vampiric Draining        Necr           ###.......   9%          3    None
 Throw Icicle             Conj/Ice       #####...     9%          4    None
 Ice Form                 Ice/Tmut       #####...     10%         4    None
 Passage of Golubria      Tloc           N/A          12%         4    None
 Force Lance              Conj/Tloc      ####....     17%         4    None
 Silence                  Hex/Air        #####.....   22%         5    None
 Fulminant Prism          Conj/Hex       ###.......   26%         4    None
 Iskenderun's Mystic Bla  Conj           ###.....     26%         4    None
 Sticky Flame             Conj/Fire      ###.....     26%         4    None
 Metabolic Englaciation   Hex/Ice        #####.....   26%         5    None
 Animate Dead             Necr           N/A          28%         4    None
 Cause Fear               Hex            ###.......   28%         4    None
 Leda's Liquefaction      Hex/Erth       ###.......   28%         4    None
 Petrify                  Tmut/Erth      ###.....     28%         4    None
 Malign Gateway           Summ/Tloc      ######....   36%         7    #####..
 Bolt of Draining         Conj/Necr      ###.......   58%         5    None
 Bolt of Magma            Conj/Fire/Erth ###.......   58%         5    None
 Fireball                 Conj/Fire      ###.......   58%         5    None
 Iskenderun's Battlesphe  Conj/Chrm      ###.....     58%         5    None
 Agony                    Necr           ###.....     61%         5    None
 Alistair's Intoxication  Tmut/Pois      ###.....     61%         5    None
 Borgnjor's Vile Clutch   Necr/Erth      ###.......   61%         5    None
 Dispel Undead            Necr           ###.....     61%         5    None
 Yara's Violent Unravell  Hex/Tmut       ###.......   61%         5    None
 Freezing Cloud           Conj/Ice/Air   #####.....   65%         6    ###....
 Simulacrum               Ice/Necr       #####.....   82%         6    ###....
 Hydra Form               Tmut           ###.......   99%         6    ###....
 Death's Door             Chrm/Necr      ###.......   100%        8    ######.
 Fire Storm               Conj/Fire      ###.......   100%        9    #######
 Glaciate                 Conj/Ice       #####.....   100%        9    #######
 Tornado                  Air            ######....   100%        9    #######


Dungeon Overview and Level Annotations

Branches:
Dungeon (15/15)            Temple (1/1) D:7            Lair (6/6) D:8
  Swamp (4/4) Lair:4        Snake (0/4) Lair:4        Slime (0/5) Lair:5
    Orc (2/2) D:10            Elf (1/3) Orc:2        Vaults (1/5) D:13
 Depths (0/5) D:15

Altars:
Ashenzari
Cheibriados
Dithmenos
Elyvilon
Fedhas
Gozag
Hepliaklqana
Kikubaaqudgha
Makhleb
Nemelex Xobeh
Okawaru
Qazlal
Ru
Sif Muna
Trog
Uskayaw
Vehumet
Wu Jian
Xom
Yredelemnul
Zin
The Shining One
Beogh

Shops:
D:8 (   D:10 [   Orc:2 :%(%   Elf:1 ?   Vaults:2 [}

Portals:
Trove: D:13 (give +5 demon whip)

Annotations:
D:9 1 runed translucent door, Curus's ghost, novice MiAK
Swamp:3 2 transporters
Orc:2 2 runed translucent doors, exclusion: orange crystal statue


Message History

An orc warrior comes into view. It is wielding a +0 long sword.
The orc warrior shouts!
A warg comes into view.
A freezing wraith comes into view.
An orc warrior comes into view. It is wielding a +0 short sword.
An orc comes into view. It is wielding a +0 falchion.
An orc warrior comes into view.
It is wielding a +0 long sword of protection.
The stone giant throws a large rock.
The large rock closely misses you.
An orc knight comes into view. It is wielding a +0 battleaxe.
The orc knight shouts!
An orc warrior comes into view. It is wielding a +0 battleaxe.
The orc warrior shouts! x2; The warg howls!
Found 36 gold pieces and 16 stones.
A deep elf demonologist and a stone giant come into view.
Unknown command.
As you read the scroll of teleportation, it crumbles to dust.
You feel strangely unstable.
The orc warrior shouts!
The deep elf demonologist shouts!
You hear a shout!
An ironheart preserver comes into view. It is wielding a +0 dire flail.
The stone giant throws a large rock.
The large rock hits you!!
You die...

#####
ee..#####
p...(... ##
##.....#.#
#.. .ho....
#C..#oW.####
#....@$.oo.#
#####....o.o.
###+##+##


You could see an ironheart preserver, a stone giant, an orc knight, a deep elf
demonologist, a freezing wraith, a deep elf mage, a warg, 4 orc warriors and an
orc (wandering).

Vanquished Creatures
  An ogre mage (Orc:2)
  A dancing weapon (Elf:1)
  A vampire mage (Vaults:2)
  A deep elf knight (Elf:1)
  A spriggan druid (Swamp:4)
  An orc knight (Orc:2)
  An ironbrand convoker (Vaults:2)
  A deep elf mage (Elf:1)
  An ice statue (IceCv)
  An elephant (Lair:6)
  A centaur skeleton (D:13)
  2 spiny frogs
  A komodo dragon (D:13)
  A meliai (D:14)
  A dream sheep (shapeshifter) (D:15)
  2 hippogriffs
  2 slime creatures
  2 blink frogs (Lair:6)
  A yak (D:13)
  A wyvern (D:14)
  A wraith (D:14)
  A fire elemental (Elf:1)
  5 vampire mosquitoes
  2 water moccasins
  A porcupine (Lair:2)
  An ice beast (Lair:4)
  3 orc warriors
  3 ogres (Orc:2)
  A wolf (Lair:6)
  A crocodile (Lair:3)
  A centaur (D:15)
  11 bullfrogs
  A scorpion (D:14)
  A killer bee (D:9)
  A wight (D:9)
  2 electric eels (D:14)
  A crimson imp (D:9)
  A centaur zombie (D:10)
  A draconian simulacrum (IceCv)
  4 jellies
  4 hounds
  A human zombie (Ossuary)
  An orc priest (Orc:1)
  An iguana (D:12)
  2 orc wizards (Orc:2)
  A troll simulacrum (IceCv)
  3 worker ants
  A hound skeleton (D:5)
  A shadow imp (D:6)
  3 leopard geckos
  14 orcs
  A ball python (D:5)
  2 giant cockroaches
  A goblin (D:1)
  A hobgoblin (D:3)
  A jackal (D:5)
  2 quokkas
  7 kobolds
  A kobold zombie (Ossuary)
  A leopard gecko skeleton (D:5)
  An orc zombie (Ossuary)
  A quokka zombie (D:9)
118 creatures vanquished.

Vanquished Creatures (collateral kills)
  Nikola (Swamp:2)
  Rupert (D:12)
  2 thorn hunters (Swamp:1)
  A tengu reaver (Vaults:2)
  2 fire giants
  A vault warden (Vaults:1)
  Louise (Swamp:3)
  A frost giant (Vaults:2)
  2 orc warlords (Orc:2)
  A very ugly thing (Vaults:2)
  A vampire knight (Vaults:2)
  A deep elf annihilator (Elf:1)
  An ettin (D:13)
  Snorg (D:10)
  Josephine (D:13)
  Fannar (Lair:2)
  Erolcha (D:10)
  A vault guard (Vaults:1)
  4 shambling mangroves
  A catoblepas (Lair:6)
  32 hydras
  4 centaur warriors
  18 two-headed ogres
  The ghost of Sergey the Blocker, a novice DDFi of Makhleb (D:11)
  2 dancing weapons (Elf:1)
  7 alligators
  3 ogre magi
  A deep troll earth mage (D:13)
  2 tengu warriors (D:14)
  An orc high priest (Orc:1)
  8 deep elf knights (Elf:1)
  Urug (D:12)
  3 deep trolls
  A spriggan druid (Swamp:4)
  3 unseen horrors
  A flayed ghost (D:13)
  9 swamp dragons
  A wizard (D:14)
  6 deep elf archers (Elf:1)
  4 ironbrand convokers
  A necromancer (IceCv)
  4 orc sorcerers
  9 orc knights
  34 deep elf magi
  4 ugly things
  A glowing shapeshifter (Vaults:2)
  21 elephants
  2 wolf spiders
  7 cyclopes
  3 black mambas
  2 vault sentinels (Vaults:2)
  2 ice statues (IceCv)
  3 centaur zombies
  2 gargoyles
  A torpor snail (Lair:5)
  34 spiny frogs
  13 komodo dragons
  An efreet (D:15)
  2 kobold demonologists (D:13)
  2 rime drakes
  9 ice devils (IceCv)
  A tengu conjurer (D:13)
  A queen bee (D:8)
  A jumping spider (shapeshifter) (Vaults:2)
  2 meliai (D:14)
  2 polar bears
  11 trolls
  20 tyrant leeches
  9 hornets
  11 bog bodies
  Prince Ribbit (Lair:3)
  6 dream sheep
  23 blink frogs
  7 slime creatures
  14 hippogriffs
  A hippogriff (shapeshifter) (D:15)
  Sigmund (D:2)
  2 air elementals
  4 shadows
  2 spriggans
  8 wyverns
  A water elemental (D:10)
  5 wraiths
  3 vampires
  3 fire bats (Lair:2)
  3 fire elementals
  A hog (shapeshifter) (D:14)
  55 yaks
  A golden eye (shapeshifter) (D:13)
  2 basilisks
  20 vampire mosquitoes
  A steam dragon (D:9)
  4 hungry ghosts
  7 insubstantial wisps (Swamp:1)
  9 wargs
  A soldier ant (D:12)
  14 swamp worms
  4 acid dragons
  4 nagas (Lair:4)
  15 water moccasins
  13 swamp drakes
  4 porcupines (Lair:1)
  39 orc warriors
  13 ice beasts
  6 sky beasts
  2 necrophages
  26 ogres
  A phantom (D:10)
  5 wolves (Lair:6)
  18 centaurs
  9 crocodiles
  7 big kobolds
  An elf zombie (D:5)
  Blork the orc (D:6)
  18 bullfrogs
  2 elf skeletons (D:5)
  3 earth elementals
  2 wyvern zombies
  6 scorpions
  14 killer bees
  7 wights
  3 howler monkeys
  4 crimson imps
  12 jellies
  A draconian simulacrum (IceCv)
  A bullfrog zombie (D:8)
  7 hounds
  20 orc wizards
  A human zombie (Ossuary)
  11 orc priests
  4 bullfrog skeletons
  A human skeleton (D:5)
  Jessica (D:2)
  Natasha (D:4)
  3 iguanas
  11 worker ants
  A troll simulacrum (IceCv)
  A big kobold zombie (Ossuary)
  2 centaur simulacra
  2 mummies (Ossuary)
  Robin (D:2)
  A gnoll (Bailey)
  11 adders
  2 ogre simulacra (IceCv)
  3 naga simulacra (IceCv)
  7 shadow imps
  2 oozes
  5 adder zombies
  2 adder skeletons
  2 dart slugs (D:4)
  3 leopard geckos
  86 orcs
  A ball python (D:4)
  A giant cockroach (D:1)
  20 goblins
  15 hobgoblins
  17 jackals
  2 quokkas
  4 bats
  A frilled lizard (D:1)
  A goblin zombie (Ossuary)
  10 hobgoblin zombies (Ossuary)
  2 jackal zombies (Ossuary)
  54 kobolds
  11 kobold zombies (Ossuary)
  A leopard gecko skeleton (D:4)
  An orc skeleton (D:5)
  6 orc zombies
  5 rats
  A rat zombie (Ossuary)
  A bush (Lair:6)
  7 fungi (Lair:6)
  14 plants
1155 creatures vanquished.

Vanquished Creatures (others)
  A swamp worm (Swamp:2)
  A centaur (D:13)
  A killer bee (D:8)
  An ooze (D:1)
  A briar patch (Swamp:1)
  2 bushes (Lair:6)
  21 fungi
  51 plants
  15 snaplasher vines
94 creatures vanquished.

Grand Total: 1367 creatures vanquished

Notes
Turn   | Place    | Note
-------+----------+-------------------------------------------
     0 | D:1      | doot the Deep Elf Summoner began the quest for the Orb.
     0 | D:1      | Reached XP level 1. HP: 10/10 MP: 6/6
   183 | D:1      | Reached XP level 2. HP: 15/15 MP: 5/8
   187 | D:1      | Learned a level 2 spell: Call Imp
   277 | D:2      | Noticed Jessica
   291 | D:2      | Killed Jessica
   291 | D:2      | Reached skill level 5 in Summonings
   336 | D:2      | Noticed Sigmund
   384 | D:2      | Reached XP level 3. HP: 19/19 MP: 5/9
   389 | D:2      | Learned a level 3 spell: Call Canine Familiar
   538 | D:2      | Noticed Robin
   693 | D:3      | Reached XP level 4. HP: 24/24 MP: 11/11
   699 | D:3      | Learned a level 4 spell: Summon Lightning Spire
  1447 | D:4      | Noticed Natasha
  1478 | D:4      | Killed Natasha
  1595 | D:4      | Noticed a bullfrog
  1598 | D:4      | Killed a bullfrog
  1598 | D:4      | Reached XP level 5. HP: 28/28 MP: 8/13
  1694 | D:4      | Noticed an ogre
  1710 | D:4      | Killed an ogre
  1992 | D:4      | Reached skill level 5 in Spellcasting
  2218 | D:5      | Entered Level 5 of the Dungeon
  2293 | D:5      | Noticed an ogre
  2308 | D:5      | Killed an ogre
  2308 | D:5      | Reached XP level 6. HP: 32/32 MP: 0/15
  2534 | D:5      | Found a sand-covered staircase.
  2554 | Ossuary  | Entered an ossuary
  2762 | Ossuary  | Learned a level 4 spell: Summon Ice Beast
  2922 | Ossuary  | Noticed a spatial vortex
  3033 | Ossuary  | Reached skill level 1 in Air Magic
  3346 | D:5      | Reached XP level 7. HP: 36/36 MP: 13/18
  3421 | D:5      | Learned a level 2 spell: Blink
  3463 | D:5      | Got a pair of encrusted gloves
  3469 | D:5      | Identified the cursed +0 pair of gloves of Gluttony {+Blink
                  | MP+9} (You found it on level 5 of the Dungeon)
  4102 | D:5      | Found a shimmering altar of Xom.
  4225 | D:6      | Reached skill level 1 in Long Blades
  4462 | D:6      | Noticed Blork the orc
  4474 | D:6      | Killed Blork the orc
  4894 | D:6      | Found a blossoming altar of Fedhas.
  4989 | D:7      | Reached XP level 8. HP: 42/42 MP: 21/21
  5288 | D:7      | Found a staircase to the Ecumenical Temple.
  5297 | Temple   | Entered the Ecumenical Temple
  5303 | Temple   | Became a worshipper of Sif Muna the Loreminder
  5721 | D:2      | Killed Robin
  6290 | D:2      | Killed Sigmund
  7339 | D:7      | Reached skill level 1 in Fighting
  7904 | D:8      | Found a staircase to the Lair.
  7923 | D:8      | Found Weplienn's Weapon Shop.
  8113 | D:8      | Reached * piety under Sif Muna
  8202 | D:8      | Noticed a two-headed ogre
  8217 | D:8      | Killed a two-headed ogre
  8217 | D:8      | Reached XP level 9. HP: 45/47 MP: 18/24
  8248 | D:8      | Found a flagged portal.
  8253 | Bailey   | Entered a bailey
  8465 | Bailey   | Reached ** piety under Sif Muna
  8465 | Bailey   | Reached skill level 10 in Spellcasting
  8611 | D:8      | Bought a +5 lajatang of protection for 675 gold pieces
  8649 | D:8      | Reached skill level 1 in Ice Magic
  8779 | D:8      | Learned a level 3 spell: Mephitic Cloud
  8811 | D:8      | Reached skill level 1 in Conjurations
  8816 | D:8      | Noticed a queen bee
  8821 | D:8      | Reached skill level 5 in Stealth
  8841 | D:8      | Killed a queen bee
  9507 | D:9      | Got a fine golden ring
  9509 | D:9      | Identified the ring of Syfonkou {+Fly rC++ MR+ Int-2} (You
                  | found it on level 9 of the Dungeon)
  9609 | D:9      | Noticed a cyclops
  9625 | D:9      | Killed a cyclops
  9625 | D:9      | Reached skill level 1 in Staves
  9764 | D:9      | Found a runed translucent door.
  9765 | D:9      | Noticed Curus's ghost (novice MiAK)
  9765 | D:9      | Noticed a two-headed ogre
  9878 | D:9      | Reached *** piety under Sif Muna
 10090 | D:9      | Found a shimmering altar of Xom.
 10186 | D:10     | Entered Level 10 of the Dungeon
 10199 | D:10     | Found a hide-covered altar of Uskayaw.
 10217 | D:10     | Noticed Snorg
 10227 | D:10     | Killed Snorg
 10227 | D:10     | Reached skill level 10 in Summonings
 10227 | D:10     | Reached XP level 10. HP: 52/52 MP: 21/27
 10280 | D:10     | Reached skill level 5 in Dodging
 10410 | D:10     | Found Etesur's Armour Emporium.
 10416 | D:10     | Found a staircase to the Orcish Mines.
 10543 | D:10     | Noticed Erolcha
 10561 | D:10     | Killed Erolcha
 10679 | D:10     | Reached **** piety under Sif Muna
 10879 | D:10     | Noticed a seven-headed hydra
 10896 | D:10     | Killed a seven-headed hydra
 10925 | D:10     | Found a large runed translucent door.
 10925 | D:10     | Found a large runed translucent door.
 11212 | Orc:1    | Entered Level 1 of the Orcish Mines
 11244 | Orc:1    | Noticed an orc knight
 11267 | Orc:1    | Killed an orc knight
 11404 | Orc:1    | Noticed an orc sorcerer
 11408 | Orc:1    | Killed an orc sorcerer
 11509 | Orc:1    | Found a roughly hewn altar of Beogh.
 11664 | Orc:1    | Noticed an orc sorcerer
 11668 | Orc:1    | Killed an orc sorcerer
 12087 | Orc:2    | Entered Level 2 of the Orcish Mines
 12105 | Orc:2    | Noticed an orc knight
 12106 | Orc:2    | Noticed an orc knight
 12134 | Orc:2    | Noticed an orc high priest
 12144 | Orc:1    | Reached ***** piety under Sif Muna
 12144 | Orc:1    | Identified Sif Muna's Papyrus of Creative Attacks (Sif Muna
                  | gifted it to you on level 1 of the Orcish Mines)
 12144 | Orc:1    | Received a gift from Sif Muna
 12345 | D:11     | Noticed a green ugly thing
 12356 | D:11     | Reached skill level 1 in Armour
 12375 | D:11     | Killed a green ugly thing
 12375 | D:11     | Reached skill level 5 in Air Magic
 12375 | D:11     | Reached XP level 11. HP: 56/56 MP: 24/29
 12497 | D:11     | Found a shadowy altar of Dithmenos.
 12500 | D:11     | Noticed a two-headed ogre
 12544 | D:11     | Killed a two-headed ogre
 13003 | D:11     | Found a runed translucent gate.
 13008 | D:11     | Found a runed translucent gate.
 13009 | D:11     | Found a runed translucent gate.
 13010 | D:11     | Identified the +5 dire flail "Acapownerr" {antimagic,
                  | *Corrode rC+ Dex+4 SInv}
 13010 | D:11     | Identified the cursed +0 plate armour of Reason {rN+ MR+
                  | Stlth+}
 13012 | D:11     | Noticed Sergey's ghost (novice DDFi)
 13013 | D:11     | Found a roughly hewn altar of Beogh.
 13157 | D:11     | Learned a level 4 spell: Iskenderun's Mystic Blast
 13189 | D:11     | Noticed a two-headed ogre
 13202 | D:11     | Killed a two-headed ogre
 13737 | D:12     | Killed an unseen horror
 13853 | D:12     | Noticed Urug
 13922 | Orc:1    | Killed an orc high priest
 14201 | Lair:1   | Entered Level 1 of the Lair of Beasts
 15599 | Lair:2   | Reached skill level 5 in Ice Magic
 15823 | Lair:2   | Noticed Fannar
 15859 | Lair:2   | Killed Fannar
 16157 | Lair:2   | Identified Sif Muna's Volume of Protection and
                  | Transmigration (Sif Muna gifted it to you on level 2 of the
                  | Lair of Beasts)
 16157 | Lair:2   | Received a gift from Sif Muna
 16327 | Lair:2   | Reached XP level 12. HP: 54/62 MP: 31/31
 16353 | Lair:2   | Noticed a four-headed hydra
 16370 | Lair:2   | Noticed a five-headed hydra
 16501 | Lair:2   | Killed a four-headed hydra
 16787 | Lair:2   | Killed a five-headed hydra
 16918 | Lair:3   | Noticed a five-headed hydra
 16925 | Lair:3   | Killed a six-headed hydra
 16980 | Lair:3   | Noticed an eight-headed hydra
 16990 | Lair:3   | Noticed an eight-headed hydra
 16999 | Lair:3   | Killed an eight-headed hydra
 17003 | Lair:3   | Killed an eight-headed hydra
 17092 | Lair:3   | Noticed a seven-headed hydra
 17102 | Lair:3   | Killed a seven-headed hydra
 17204 | Lair:3   | Noticed Prince Ribbit
 17262 | Lair:3   | Killed Prince Ribbit
 17897 | Lair:4   | Noticed a six-headed hydra
 17906 | Lair:4   | Killed a six-headed hydra
 18002 | Lair:4   | Noticed a seven-headed hydra
 18050 | Lair:4   | Found a frozen archway.
 18081 | IceCv    | Entered an ice cave
 18317 | IceCv    | Learned a level 3 spell: Summon Guardian Golem
 18911 | IceCv    | Identified Sif Muna's Volume of Confrontation (Sif Muna
                  | gifted it to you in an ice cave)
 18911 | IceCv    | Received a gift from Sif Muna
 19147 | IceCv    | Reached skill level 15 in Spellcasting
 19250 | IceCv    | Got a slimy falchion
 19273 | IceCv    | Identified the +7 falchion "Uduc" {antimagic, rElec rC+
                  | SInv} (You found it in an ice cave)
 19452 | Lair:4   | Noticed a six-headed hydra
 19469 | Lair:4   | Killed a six-headed hydra
 19470 | Lair:4   | Killed a seven-headed hydra
 19587 | Lair:4   | Found a staircase to the Snake Pit.
 19826 | Lair:4   | Found a staircase to the Swamp.
 19971 | Lair:5   | Found a staircase to the Slime Pits.
 20102 | Lair:5   | Reached XP level 13. HP: 41/67 MP: 34/34
 20494 | Lair:5   | Reached skill level 1 in Translocations
 21289 | Orc:2    | Found a runed translucent door.
 21296 | Orc:2    | Found the +10 large shield of Ignorance {rN+ Int-4}
 21312 | Orc:2    | Found a runed translucent door.
 21534 | Orc:2    | Reached skill level 15 in Summonings
 21614 | Orc:2    | Noticed an orc warlord
 21637 | Orc:2    | Killed an orc warlord
 21891 | Orc:2    | Noticed an orc warlord
 21949 | Orc:2    | Found a staircase to the Elven Halls.
 21952 | Orc:2    | Identified Sif Muna's Catalogue of Entrancing Air (Sif Muna
                  | gifted it to you on level 2 of the Orcish Mines)
 21952 | Orc:2    | Received a gift from Sif Muna
 21978 | Orc:2    | Killed an orc warlord
 22287 | Orc:2    | Found Peic's Food Emporium.
 22430 | Orc:2    | Reached skill level 5 in Staves
 22548 | Orc:2    | Found Geleudatt's Antique Weapon Emporium.
 22653 | Orc:2    | Found Caikion's Food Shop.
 22658 | Orc:2    | Found Imehi's Book Shoppe.
 22684 | Orc:2    | Bought a Fen Folio for 1350 gold pieces
 22692 | Orc:2    | Learned a level 7 spell: Summon Hydra
 22698 | Orc:2    | Learned a level 5 spell: Summon Forest
 23050 | Lair:6   | Entered Level 6 of the Lair of Beasts
 23630 | Lair:6   | Reached XP level 14. HP: 72/72 MP: 36/36
 23637 | Lair:6   | Identified Sif Muna's Papyrus of the Snowflakes (Sif Muna
                  | gifted it to you on level 6 of the Lair of Beasts)
 23637 | Lair:6   | Received a gift from Sif Muna
 24177 | Lair:6   | Got a crude leather armour
 24188 | Lair:6   | Identified the +2 leather armour "Naquts" {Stlth+} (You
                  | found it on level 6 of the Lair of Beasts)
 25226 | Elf:1    | Entered Level 1 of the Elven Halls
 25328 | Elf:1    | Found a radiant altar of Vehumet.
 25808 | Elf:1    | Found a radiant altar of Vehumet.
 26233 | Orc:1    | You fall through a shaft!
 26536 | D:11     | Killed Sergey's ghost
 26658 | D:12     | Killed Urug
 26972 | D:12     | Noticed Rupert
 26980 | D:12     | Killed Rupert
 27083 | D:12     | Identified Otyel's Papyrus of Cankerous Unholy Magic (Sif
                  | Muna gifted it to you on level 12 of the Dungeon)
 27083 | D:12     | Received a gift from Sif Muna
 27455 | D:13     | Noticed a fire giant
 27462 | D:13     | Killed a fire giant
 27713 | D:13     | Found a gate to the Vaults.
 28007 | D:13     | Noticed Josephine
 28018 | D:13     | Killed Josephine
 28883 | D:13     | Found a portal to a secret trove of treasure.
 29284 | D:14     | Received a gift from Sif Muna
 29301 | D:14     | Learned a level 3 spell: Ozocubu's Armour
 29560 | D:14     | Identified a scroll of acquirement
 29562 | D:14     | Found the +0 Maxwell's etheric cage {RegenMP+ *Contam rElec
                  | MP+4}
 29838 | D:14     | Reached ****** piety under Sif Muna
 30237 | D:15     | Entered Level 15 of the Dungeon
 30249 | D:15     | Found a sparkling altar of Nemelex Xobeh.
 30496 | D:15     | Reached XP level 15. HP: 78/78 MP: 39/39
 31098 | D:15     | Found a staircase to the Depths.
 31484 | Elf:1    | Identified Sif Muna's Grimoire of Dark Changing (Sif Muna
                  | gifted it to you on level 1 of the Elven Halls)
 31484 | Elf:1    | Received a gift from Sif Muna
 31518 | Elf:1    | Identified the Papyrus of Combat Magic
 31817 | Elf:1    | Found Feesec's Magic Scroll Boutique.
 31825 | Elf:1    | Bought a scroll of acquirement for 780 gold pieces
 31825 | Elf:1    | Bought a scroll of teleportation for 45 gold pieces
 31825 | Elf:1    | Bought a scroll of teleportation for 45 gold pieces
 31839 | Elf:1    | Identified a +0 pair of boots of running (You acquired it
                  | on level 1 of the Elven Halls)
 32815 | Swamp:1  | Entered Level 1 of the Swamp
 33244 | Swamp:1  | Noticed a thorn hunter
 33275 | Swamp:1  | Killed a thorn hunter
 33654 | Swamp:2  | Noticed a thorn hunter
 33663 | Swamp:1  | Killed a thorn hunter
 33755 | Swamp:2  | Noticed Nikola
 33772 | Swamp:2  | Identified Notaod's Guide on the Escort (Sif Muna gifted it
                  | to you on level 2 of the Swamp)
 33772 | Swamp:2  | Received a gift from Sif Muna
 33778 | Swamp:2  | Killed Nikola
 34206 | Swamp:2  | Learned a level 7 spell: Haunt
 34843 | Swamp:3  | Found a transporter.
 35007 | Swamp:3  | Found an ancient bone altar of Kikubaaqudgha.
 35093 | Swamp:3  | Noticed Louise
 35124 | Swamp:3  | Killed Louise
 35456 | Swamp:3  | Found a transporter.
 36210 | Swamp:4  | Entered Level 4 of the Swamp
 36277 | Swamp:4  | Identified Saubrod's Tome of the Aerial Escort (Sif Muna
                  | gifted it to you on level 4 of the Swamp)
 36277 | Swamp:4  | Received a gift from Sif Muna
 36778 | Swamp:4  | Got a decaying rune of Zot
 37445 | D:10     | Learned a level 9 spell: Dragon's Call
 37531 | Vaults:1 | Entered Level 1 of the Vaults
 37701 | Vaults:1 | Noticed a vault warden
 37714 | Vaults:1 | Reached XP level 16. HP: 47/83 MP: 9/41
 37810 | Vaults:1 | You fall through a shaft!
 37816 | Vaults:2 | Noticed a shadow dragon
 37829 | Vaults:2 | Received a gift from Sif Muna
 37897 | Vaults:2 | Learned a level 3 spell: Regeneration
 37958 | Vaults:2 | Found the +8 glaive of the Guard {elec, +Rage AC+5 SInv}
 37986 | Vaults:2 | HP: 4/83 [shadow dragon/bolt of negative energy (59)]
 38004 | Vaults:2 | Found Vugifie's Gadget Boutique.
 38004 | Vaults:2 | Found Cuufrei's Antique Armour Shop.
 38010 | Vaults:2 | Hit by a large rock thrown by a stone giant

Skill      XL: |  1  2  3  4  5  6  7  8  9 10 11 12 13 14 15 |
---------------+----------------------------------------------+-----
Summonings     | 5 6 7 8 10 11 13 14 16 18 19 | 19.9
Dodging        | 3 4 5 |  5.9
Stealth        | 3 4 5 6 7 |  7.0
Spellcasting   | 4 5 6 7 9 11 12 13 15 16 18 19 | 19.5
Air Magic      | 1 3 4 5 6 7 |  7.4
Long Blades    | 1 2 |  2.5
Fighting       | 1 2 3 |  3.2
Ice Magic      | 2 4 5 6 |  6.7
Conjurations   | 1 |  1.3
Staves         | 1 2 4 5 6 |  6.5
Armour         | 1 2 3 |  3.1
Translocations | 1 3 |  3.3
Hexes          | |  0.1
Necromancy     | |  0.9
Poison Magic   | |  0.9

Action                   |  1- 3 |  4- 6 |  7- 9 | 10-12 | 13-15 | 16-18 || total
-------------------------+-------+-------+-------+-------+-------+-------++-------
Melee: Unarmed           |     3 |     2 |       |       |       |       ||     5
       Falchion          |       |    41 |    87 |       |       |       ||   128
       Lajatang          |       |       |    25 |   145 |   284 |     6 ||   460
 Cast: Summon Small Mamm |     9 |     3 |       |       |       |       ||    12
       Call Imp          |    13 |    10 |     5 |     2 |       |       ||    30
       Call Canine Famil |     5 |    20 |    48 |   102 |    91 |     1 ||   267
       Summon Lightning  |       |    15 |    46 |   109 |   100 |     1 ||   271
       Summon Ice Beast  |       |       |    14 |   109 |    49 |       ||   172
       Blink             |       |       |     2 |     5 |    15 |     1 ||    23
       Mephitic Cloud    |       |       |     3 |       |     8 |       ||    11
       Summon Guardian G |       |       |       |     7 |     6 |       ||    13
       Summon Forest     |       |       |       |       |    83 |       ||    83
       Summon Hydra      |       |       |       |       |   259 |     8 ||   267
       Iskenderun's Myst |       |       |       |       |     4 |       ||     4
       Ozocubu's Armour  |       |       |       |       |    10 |     1 ||    11
       Haunt             |       |       |       |       |     5 |       ||     5
       Dragon's Call     |       |       |       |       |     1 |     1 ||     2
       Regeneration      |       |       |       |       |       |     3 ||     3
Invok: Divine Energy     |       |       |       |     1 |       |       ||     1
       Channel Magic     |       |       |       |       |     1 |       ||     1
  Use: Scroll            |       |       |    10 |    11 |    28 |     7 ||    56
       Potion            |       |       |     2 |       |     7 |       ||     9
 Stab: Sleeping          |       |     3 |     4 |     6 |     7 |       ||    20
       Distracted        |       |     1 |     1 |     5 |    13 |     1 ||    21
       Petrifying        |       |       |       |       |     3 |       ||     3
  Eat: Chunk             |       |     6 |    14 |    22 |    55 |       ||    97
       Ration            |       |     2 |     3 |     2 |    20 |     2 ||    29
Armor: Robe              |     9 |    12 |    39 |       |       |       ||    60
       Troll leather arm |       |       |       |    60 |   141 |     5 ||   206
       Skin              |       |       |       |       |     2 |       ||     2
Dodge: Dodged            |    21 |    45 |   175 |   160 |   344 |     6 ||   751
       Rpst.: Falchion   |       |    15 |    24 |       |       |       ||    39
